 Dungeon Crawl Stone Soup version 0.31-a0-851-g7ff8af7976 (webtiles) character file.

Game seed: 10463986738613530612

460 lunkers the Insei (level 7, -1/52 HPs)
             Began as a Meteoran Shapeshifter on Oct 5, 2023.
             Was a Follower of Okawaru.
             Slain by an orc wizard
             ... wielding a +0 dagger
              (4 damage)
             ... on level 5 of the Dungeon.
             The game lasted 00:03:00 (1974 turns).

lunkers the Insei (Meteoran Shapeshifter)           Turns: 1974, Time: 00:03:01

Health: -1/52      AC:  4    Str: 15    XL:     7   Next: 53%
Magic:  17/17      EV: 27    Int: 13    God:    Okawaru [*.....]
Gold:   127        SH:  0    Dex: 15    Spells: 6/6 levels left

rFire   . .          .
                       - Unarmed
rCold   . . .        (no shield)
rNeg    . . .        o - +1 leather armour {rPois}
rPois   +            (helmet currently unavailable)
rElec   .            (cloak currently unavailable)
rCorr   .            (gloves currently unavailable)
SInv    .            (boots currently unavailable)
Will    .....        m - amulet of the acrobat
Stlth   +            p - ring of magical power
HPRegen 0.28/turn    (no ring)
MPRegen 0.15/turn

%: acrobat
@: beast-form, acrobatic, glowing
A: beast (slay +3), sense surroundings 1, otherworldly, glowing, explore regen
a: Begin Untransformation, Renounce Religion, Heroism


You were on level 5 of the Dungeon.
You worshipped Okawaru.
Okawaru was aware of your devotion.
You were a hulking beast.
You visited 1 branch of the dungeon, and saw 5 of its levels.

You collected 127 gold pieces.

Inventory:

Armour
 k - a +0 ring mail
 o - a +1 leather armour of poison resistance (worn)
Jewellery
 m - an amulet of the acrobat (around neck)
 p - a ring of magical power (left hand)
Talismans
 c - a beast talisman (active)
 d - a flux talisman
Wands
 a - a wand of flame (17)
Scrolls
 e - 2 scrolls of teleportation {unknown}
 i - a scroll of noise {unknown}
 j - a scroll of enchant armour {unknown}
 l - a scroll of identify {unknown}
 n - a scroll of torment {unknown}
 q - a scroll of blinking {unknown}
 r - a scroll of fear {unknown}
 t - a scroll of silence {unknown}
Potions
 b - a potion of lignification
 f - 2 potions of cancellation {unknown}
 g - 2 potions of enlightenment {unknown}
 h - 2 potions of might {unknown}
 s - a potion of degeneration {unknown}


   Skills:
 - Level 1.1 Fighting
 - Level 2.1 Dodging
 * Level 7.9 Unarmed Combat
 + Level 5.8 Shapeshifting


You had 6 spell levels left.
You didn't know any spells.
Your spell library contained the following spells:

 Spells                   Type           Power      Damage    Failure   Level
 Magic Dart               Conj           0%         1d3       36%         1
 Scorch                   Fire           0%         2d5       50%         2
 Mephitic Cloud           Conj/Pois/Air  0%         N/A       75%         3
 Flame Wave               Conj/Fire      0%         2d4       98%         4
 Call Imp                 Summ           Unusable   N/A       N/A         2
 Summon Cactus Giant      Summ           Unusable   N/A       N/A         6

Dungeon Overview and Level Annotations

Branches:
Dungeon (5/15) Zot: 1042
 Temple: D:4-7

Altars:
Hepliaklqana
Okawaru


Innate Abilities, Weirdness & Mutations

You are a hulking beast.
Your limbs bulge with bestial killing power. (Slay +3)
You passively map a small area around you.
You are easily found by Zot.
You glow in the dark.
You regain HP and MP as you explore.


Message History

You see here a black bear corpse.
You feel like a meek peon again. The orc wizard casts a spell at you.
You are confused.
The orc wizard points at you and mumbles some strange words.
The puff of flame hits you!
* * * LOW HITPOINT WARNING * * *
You bump into the rock wall.
Unknown command.
An orc comes into view. It is wielding a +0 mace.
The orc shouts!
You hear a shout!
The orc wizard casts a spell.
The orc wizard flickers and vanishes!
Deactivating autopickup; reactivate with Ctrl-A.
You completely miss something.
An orc comes into view. It is wielding a +0 short sword.
Something hits you but does no damage.
You bump into the rock wall.
Something hits you.
* * * LOW HITPOINT WARNING * * *
Something hits you.
* * * LOW HITPOINT WARNING * * *
You bump into the rock wall.
You feel less confused. Something hits you but does no damage.
Unknown command.
Unknown command.
You closely miss something. Something barely misses you.
Unknown command.
You miss something.
Unknown command.
You punch the orc!
You kill the orc!
Okawaru accepts your kill. Something hits you.
* * * LOW HITPOINT WARNING * * *
The white imp gestures at you. The puff of frost hits you.
* * * LOW HITPOINT WARNING * * *
Something hits you.
You die...

** ,* * * *, * ######### *
#.......# ,#h#####.####
,#.# #.....# * * ** #5#
#.....#### , ,
#o####........#
,########.............####
...................>.....
, ,
.........#...............
*
...........##....).......
........#..###'#......###


You could see a white imp and an orc.

Vanquished Creatures
  An ice beast (D:5)
  A black bear (D:5)
  A scorpion (D:5)
  A hound (D:5)
  An orc priest (D:4)
  2 iguanas
  An orc wizard (D:4)
  An adder (D:4)
  A worm (D:4)
  4 dart slugs
  7 orcs
  2 bats (D:2)
  3 endoplasms
  A giant cockroach (D:4)
  3 goblins
  4 hobgoblins
  2 jackals (D:1)
  A quokka (D:1)
  8 ball pythons
  2 frilled lizards (D:2)
  5 kobolds
  4 rats (D:1)
56 creatures vanquished.

Vanquished Creatures (others)
  An orc wizard (D:4)
1 creature vanquished.

Grand Total: 57 creatures vanquished

Notes
Turn   | Place    | Note
-------+----------+-------------------------------------------
     0 | D:1      | lunkers the Meteoran Shapeshifter began the quest for the
                  | Orb.
     0 | D:1      | Reached XP level 1. HP: 16/16 MP: 2/2
    80 | D:1      | Reached skill level 4 in Unarmed Combat
    80 | D:1      | Reached XP level 2. HP: 23/23 MP: 3/3
   377 | D:2      | Reached XP level 3. HP: 28/28 MP: 4/4
   882 | D:3      | Reached XP level 4. HP: 32/35 MP: 5/5
  1290 | D:4      | Reached skill level 5 in Unarmed Combat
  1411 | D:4      | HP: 1/35 [iguana (9)]
  1416 | D:4      | Reached XP level 5. HP: 3/40 MP: 6/6
  1420 | D:4      | Found an iron altar of Okawaru.
  1443 | D:4      | Became a worshipper of Warmaster Okawaru
  1604 | D:4      | Reached skill level 6 in Unarmed Combat
  1669 | D:4      | Reached XP level 6. HP: 47/47 MP: 7/7
  1697 | D:5      | Entered Level 5 of the Dungeon
  1708 | D:5      | Reached skill level 5 in Shapeshifting
  1852 | D:5      | Found a hazy altar of Hepliaklqana.
  1928 | D:5      | Reached skill level 7 in Unarmed Combat
  1934 | D:5      | Noticed a black bear
  1934 | D:5      | Noticed an ice beast
  1948 | D:5      | Killed a black bear
  1948 | D:5      | Reached * piety under Okawaru
  1949 | D:5      | Reached XP level 7. HP: 45/52 MP: 8/8
  1974 | D:5      | Slain by an orc wizard

Illustrated notes

Levels and vault maps discovered:
D:1:      dpeg_chamrin_arrival_tetris, layout_loops_ring,
          hangedman_abyss_or_decor_stabs
D:2:      layout_basic
D:3:      layout_basic, mainiacjoe_overflow_24_doors
D:4:      layout_basic, okawaru_metal_pillars_1_2,
          nicolae_dithmenos_through_a_glass_darkly, serial_curves,
          eino_curves_01, eino_curves_04
D:5:      layout_basic, nicolae_hepliaklqana_hippocampus, bloody_makhleb

Skill      XL: |  1  2  3  4  5  6 |
---------------+-------------------+-----
Unarmed Combat | 4 5 6 7 |  7.9
Shapeshifting  | 4 5 |  5.8
Fighting       | |  1.1
Dodging        | |  2.1

Action                     |  1- 3 |  4- 6 |  7- 9 || total
---------------------------+-------+-------+-------++-------
  Melee: Unarmed           |    80 |    80 |     8 ||   168
         Punch             |     1 |     4 |       ||     5
 Invoke: Heroism           |       |       |     1 ||     1
 Armour: Animal skin       |    40 |       |       ||    40
         Ring mail         |     1 |     5 |       ||     6
         Leather armour    |       |    37 |    10 ||    47
  Dodge: Dodged            |    31 |    39 |     2 ||    72

Table legend: (Time is in decaauts)
 A = Elapsed time spent in this place.
 B = Non-inter-level travel time spent in this place.
 C = Inter-level travel time spent in this place.
 D = Time resting spent in this place.
 E = Time spent auto-exploring this place.
 F = Levels seen in this place.
 G = Mean time per level.
                   A        B        C        D        E       F      G
               +--------+--------+--------+--------+--------+-----+--------+
         Total |   1956 |   1907 |     49 |      0 |   1451 |   5 |  391.2 |
       Dungeon |   1956 |   1907 |     49 |      0 |   1451 |   5 |  391.2 |
               +--------+--------+--------+--------+--------+-----+--------+

Top non-repeatable levels by time:
     D:4: 488 daAuts
     D:2: 440 daAuts
     D:3: 382 daAuts
     D:1: 372 daAuts
     D:5: 272 daAuts
